 Dungeon Crawl Stone Soup version 0.28.0 (webtiles) character file.

Game seed: 1664424355185080181

2496 HallandMoats the Ruffian (level 9, -7/79 HPs)
             Began as a Ghoul Monk on Feb 7, 2022.
             Was an Elder of Okawaru.
             Killed by divine providence
             ... invoked by an orc priest
              (15 damage)
             ... on level 7 of the Dungeon.
             The game lasted 00:09:41 (7339 turns).

HallandMoats the Ruffian (Ghoul Monk)               Turns: 7339, Time: 00:09:43

Health: -7/79      AC:  9    Str: 19    XL:     9   Next: 52%
Magic:  8/8        EV: 13    Int:  5    God:    Okawaru [****..]
Gold:   347        SH:  5    Dex: 14    Spells: 8/8 levels left

rFire   . . .      SeeInvis .     - Unarmed
rCold   + . .      Faith    .   (no shield)
rNeg    + + +      Spirit   .   t - +1 ring mail of Too Many Cooks {rPois Dex+3}
rPois   ∞          Reflect  +   d - +1 hat
rElec   .          Harm     .   w - scarf {repulsion}
rCorr   .          Rampage  .   (no gloves)
Will    +....                   l - +0 pair of boots
Stlth   +.........              g - amulet of reflection
HPRegen 0.00/turn               r - ring of willpower
MPRegen 0.11/turn               (no ring)

@: inhibited regen, repel missiles
A: claws 1, cold resistance 1, negative energy resistance 3, inhibited
regeneration, torment resistance 2
a: Renounce Religion, Heroism, Finesse


You were on level 7 of the Dungeon.
You worshipped Okawaru.
Okawaru was greatly pleased with you.
You visited 2 branches of the dungeon, and saw 8 of its levels.

You collected 347 gold pieces.

Inventory:

Hand Weapons
 u - a +4 spear
Armour
 d - a +1 hat (worn)
 l - a +0 pair of boots (worn)
 t - the +1 ring mail of Too Many Cooks (worn) {rPois Dex+3}
   (You took it off an orc on level 4 of the Dungeon)

   Dex:       It affects your dexterity (+3).
   rPois:     It protects you from poison.
 w - a scarf of repulsion (worn)
 y - a +2 cloak
Jewellery
 g - an amulet of reflection (around neck)
 r - a ring of willpower (left claw)
Wands
 n - a wand of iceblast (18)
Scrolls
 b - a scroll of teleportation
 i - a scroll of enchant armour {unknown}
 j - 2 scrolls of magic mapping
 m - a scroll of identify
 o - 2 scrolls of enchant weapon
 p - a scroll of blinking
 v - a scroll of immolation
Potions
 a - a potion of haste
 c - 2 potions of degeneration {unknown}
 e - 2 potions of mutation {unknown}
 f - a potion of invisibility {unknown}
 h - 2 potions of attraction {unknown}
 k - 2 potions of curing {unknown}
 q - 2 potions of brilliance {unknown}


   Skills:
 + Level 7.6 Fighting
 + Level 5.6 Armour
 + Level 6.3 Dodging
 - Level 2.1 Stealth
 + Level 7.7 Unarmed Combat


You had 8 spell levels left.
You didn't know any spells.
Your spell library contained the following spells:

 Spells                   Type           Power      Damage    Failure   Level
 Foxfire                  Conj/Fire      0%         2x1d4     65%         1
 Pain                     Necr           0%         1d4       65%         1
 Corpse Rot               Necr/Air       0%         N/A       78%         2
 Conjure Flame            Conj/Fire      0%         6-21      95%         3
 Inner Flame              Hex/Fire       0%         N/A       95%         3
 Vampiric Draining        Necr           0%         2d6       95%         3
 Dispel Undead            Necr           0%         3d6       100%        4
 Flame Wave               Conj/Fire      0%         2d4       100%        4
 Conjure Ball Lightning   Conj/Air       0%         3x3d6     100%        6
 Orb of Destruction       Conj           0%         9d5       100%        7
 Discord                  Hex            0%         N/A       100%        8
 Disjunction              Tloc           0%         N/A       100%        8
 Animate Skeleton         Necr           Unusable   N/A       N/A         1
 Summon Guardian Golem    Hex/Summ       Unusable   N/A       N/A         3
 Death Channel            Necr           Unusable   N/A       N/A         6
 Spellforged Servitor     Conj/Summ      Unusable   N/A       N/A         7

Dungeon Overview and Level Annotations

Branches:
Dungeon (7/15)             Temple (1/1) D:4

Altars:
Ashenzari
Cheibriados
Elyvilon
Gozag
Hepliaklqana
Okawaru
Sif Muna
Trog
Vehumet
Wu Jian
Xom
Yredelemnul
Zin
Beogh

Shops:
D:3 *


Innate Abilities, Weirdness & Mutations

You thrive by killing the living.
You are immune to poison.
You have sharp fingernails.
Your flesh is cold resistant. (rC+)
You are immune to negative energy. (rN+++)
You do not regenerate when monsters are visible.
You are immune to unholy pain and torment.


Message History

You scratch the centaur warrior zombie. You claw the centaur warrior zombie.
The centaur warrior zombie is heavily damaged.
The centaur warrior zombie hits you.
The centaur warrior zombie barely misses you.
The orc priest calls down the wrath of Beogh upon you.
Beogh smites you!
You scratch the centaur warrior zombie.
The centaur warrior zombie is heavily damaged.
The centaur warrior zombie hits you.
* * * LOW HITPOINT WARNING * * *
The centaur warrior zombie closely misses you.
You barely miss the centaur warrior zombie.
The centaur warrior zombie is heavily damaged.
You block the centaur warrior zombie's attack.
The centaur warrior zombie closely misses you.
You scratch the centaur warrior zombie but do no damage.
The centaur warrior zombie is heavily damaged.
The centaur warrior zombie closely misses you.
The centaur warrior zombie kicks you but does no damage.
You claw the centaur warrior zombie!
The centaur warrior zombie is severely damaged.
The centaur warrior zombie closely misses you.
The centaur warrior zombie completely misses you.
The orc priest mumbles some strange prayers to Beogh against you.
Beogh smites you!
* * * LOW HITPOINT WARNING * * *
Okay, then.
Okay, then.
Blink to where?
Press: ? - help, Dir - move target, p - centaur warrior zombie
Okay, then.
Unknown command.
You claw the centaur warrior zombie!
The centaur warrior zombie is severely damaged.
The centaur warrior zombie hits you.
* * * LOW HITPOINT WARNING * * *
The centaur warrior zombie kicks you but does no damage.
The orc priest mumbles some strange prayers to Beogh against you.
Beogh smites you!
You die...

##..........## ####
###............. #...
................ #...
#.............. ##...
#.........o.o.# #.... #......o.#
#.... #.o..# #.... ##Z### ###..
#@# ### #.# ### #.## #.# ###..#
####### ##.## #....# ##.....###
#...# ##...######.........
##...## ###................
#####.....# ###..[.............
.........######.....#............


You could see an orc priest and a centaur warrior zombie.

Vanquished Creatures
  A two-headed ogre (D:7)
  The ghost of hikkokomori the Skirmisher, an amateur MiFi of Gozag (D:4)
  A wyvern (D:6)
  Edmund (D:6)
  An orc warrior (D:7)
  A sky beast (D:6)
  A necrophage (D:6)
  A phantom (D:3)
  A kobold brigand (D:7)
  A scorpion (D:5)
  A water moccasin skeleton (D:5)
  5 wights
  A bullfrog zombie (D:6)
  A centaur zombie (D:7)
  4 orc priests
  3 hounds
  A jelly (D:5)
  A centaur skeleton (D:4)
  2 iguanas
  3 orc wizards
  2 howler monkey zombies (D:7)
  7 adders
  A white imp (D:6)
  An ufetubus (D:4)
  3 worms
  2 dart slugs
  23 orcs
  3 ball pythons
  9 endoplasms
  A giant cockroach (D:1)
  8 hobgoblins
  4 jackals (D:1)
  10 kobolds
  5 quokkas
  4 bats
  4 frilled lizards
  8 goblins
  5 rats
132 creatures vanquished.

Vanquished Creatures (others)
  An orc wizard (D:5)
1 creature vanquished.

Grand Total: 133 creatures vanquished

Notes
Turn   | Place    | Note
-------+----------+-------------------------------------------
     0 | D:1      | HallandMoats the Ghoul Monk began the quest for the Orb.
     0 | D:1      | Reached XP level 1. HP: 19/19 MP: 0/0
   174 | D:1      | Reached XP level 2. HP: 26/26 MP: 1/1
   641 | D:1      | Reached XP level 3. HP: 27/31 MP: 2/2
   643 | D:1      | Reached skill level 1 in Armour
  1425 | D:2      | Reached XP level 4. HP: 29/40 MP: 3/3
  1985 | D:3      | Noticed a phantom
  2002 | D:3      | Killed a phantom
  2003 | D:3      | Reached XP level 5. HP: 39/46 MP: 4/4
  2101 | D:3      | Found a faded altar of an unknown god.
  2317 | D:3      | Found Yweill's General Store.
  2679 | D:4      | Found an ornate altar of the Wu Jian Council.
  2687 | D:4      | Reached XP level 6. HP: 53/53 MP: 5/5
  2911 | D:4      | Found a staircase to the Ecumenical Temple.
  2964 | D:4      | Found a runed translucent gate.
  2966 | D:4      | Noticed hikkokomori's ghost (amateur MiFi)
  2967 | D:4      | Found a runed translucent gate.
  2968 | D:4      | Found a runed translucent gate.
  2969 | D:4      | Identified the +1 ring mail of Too Many Cooks {rPois Dex+3}
  3040 | Temple   | Entered the Ecumenical Temple
  3173 | Temple   | Became a worshipper of Warmaster Okawaru
  3173 | Temple   | Reached * piety under Okawaru
  3173 | Temple   | Reached ** piety under Okawaru
  3661 | D:4      | Killed hikkokomori's ghost
  3662 | D:4      | Reached skill level 5 in Fighting
  3662 | D:4      | Reached skill level 5 in Unarmed Combat
  3662 | D:4      | Reached XP level 7. HP: 31/61 MP: 3/6
  3897 | D:5      | Entered Level 5 of the Dungeon
  4447 | D:5      | Reached XP level 8. HP: 65/70 MP: 7/7
  4794 | D:6      | Reached skill level 5 in Dodging
  4984 | D:6      | Identified the +1 robe of Proximity {Dex+4}
  4993 | D:6      | Found a snail-covered altar of Cheibriados.
  5053 | D:6      | Noticed Edmund
  5089 | D:6      | Killed Edmund
  5089 | D:6      | Reached *** piety under Okawaru
  5352 | D:6      | Found a shimmering altar of Xom.
  5507 | D:6      | Noticed a wyvern
  5521 | D:6      | Killed a wyvern
  6328 | D:7      | Found a hazy altar of Hepliaklqana.
  6365 | D:7      | Noticed a two-headed ogre
  6379 | D:7      | Killed a two-headed ogre
  6379 | D:7      | Reached **** piety under Okawaru
  6380 | D:7      | Reached skill level 5 in Armour
  6380 | D:7      | Reached XP level 9. HP: 24/79 MP: 5/8
  7339 | D:7      | Killed from afar by an orc priest

Illustrated notes

Levels and vault maps discovered:
D:1:      dpeg_arrival_oval, layout_loops_ring, roderic_lattice_a
D:2:      layout_loops_ring, eino_curves_03
D:3:      layout_basic, serial_shops, nicolae_shop_competitors_out_of_business,
          chequers_ecumenical_altar_twisty
D:4:      layout_loops_ring, mainiacjoe_overflow_chevrons,
          minmay_temple_entry_overgrown, biasface_ghost_orc_armoury,
          minmay_distorted
D:5:      layout_loops_ring
D:6:      layout_basic, xom_teletrap_fun, amcnicky_altar_gilded,
          minmay_misc_feat_doors, minmay_statues_item, minmay_starry_boxes,
          uniq_edmund
D:7:      hellmonk_destroyed_diamonds, layout_cave_pods, general_overflow_altar,
          abandoned_shop, minmay_crystal_water
Temple:   nicolae_temple_figure_zero

Skill      XL: |  1  2  3  4  5  6  7  8 |
---------------+-------------------------+-----
Dodging        | 3 4 6 |  6.3
Armour         | 1 2 3 5 |  5.6
Fighting       | 4 5 7 |  7.6
Unarmed Combat | 4 5 7 |  7.7
Stealth        | |  2.1

Action                   |  1- 3 |  4- 6 |  7- 9 || total
-------------------------+-------+-------+-------++-------
Melee: Unarmed           |   124 |   134 |   284 ||   542
       Punch             |     2 |     1 |    11 ||    14
Invok: Heroism           |       |     2 |     2 ||     4
  Use: Scroll            |       |       |     9 ||     9
 Stab: Sleeping          |       |     1 |       ||     1
Armor: Ring mail         |    40 |    35 |    55 ||   130
Dodge: Dodged            |    57 |    65 |   136 ||   258
Block: Other             |     4 |    22 |    59 ||    85
       Reflection        |       |       |     1 ||     1
